 Dungeon Crawl Stone Soup version 0.30-a0-331-g8ab09dc110 (webtiles) character file.

Game seed: 17108147831650465461

70778 purpskrrrp the Severer (level 14, -5/126 HPs)
             Began as a Minotaur Fighter on Oct 29, 2022.
             Was the Champion of Cheibriados.
             Slain by a skeletal warrior
             ... wielding a +0 glaive
             ... led by a death knight
              (19 damage)
             ... on level 15 of the Dungeon.
             The game lasted 00:41:03 (15451 turns).

purpskrrrp the Severer (Minotaur Fighter)          Turns: 15451, Time: 00:41:03

Health: -5/126     AC: 25    Str: 41    XL:     14   Next: 95%
Magic:  0/18       EV: 16    Int: 20    God:    Cheibriados [******]
Gold:   998        SH: 24    Dex: 25    Spells: 13/13 levels left

rFire   + . .      SeeInvis .    A - +4 war axe (vorpal)
rCold   . . .      Faith    .    y - +0 tower shield
rNeg    . . .      Spirit   +    V - +0 plate armour {rF+}
rPois   .          Reflect  .    (helmet restricted)
rElec   .          Harm     +    n - scarf {harm}
rCorr   .          Rampage  .    Q - +0 pair of gloves
Will    +....                    e - +0 pair of boots
Stlth   ..........               t - amulet of guardian spirit
HPRegen 0.41/turn                d - +4 ring of evasion
MPRegen 0.16/turn                b - ring of the Octopus King {Fly HP+2 AC+2 EV+2 SH+2}

@: on berserk cooldown, flying, slowed, unable to read, very slow
A: horns 2, retaliatory headbutt, iridescent scales 2, inability to read after
injury 1
a: Renounce Religion, Bend Time, Temporal Distortion, Slouch, Step From Time


You were on level 15 of the Dungeon.
You worshipped Cheibriados.
Cheibriados was exalted by your worship.
You visited 1 branch of the dungeon, and saw 15 of its levels.
You also visited: Ossuary.

You collected 1118 gold pieces.
You spent 120 gold pieces at shops.

Inventory:

Hand Weapons
 A - a +4 vorpal war axe (weapon)
Missiles
 m - a throwing net
 T - 48 poisoned darts
 U - 6 curare-tipped darts
Armour
 e - a +0 pair of boots (worn)
 n - a scarf of harm (worn)
 y - a +0 tower shield (worn)
 Q - a +0 pair of gloves (worn)
 V - a +0 plate armour of fire resistance (worn)
Jewellery
 b - a ring of the Octopus King (right hand) {Fly HP+2 AC+2 EV+2 SH+2}
   (You found it on level 13 of the Dungeon)

   [ring of flight]

   AC:        It affects your AC (+2).
   EV:        It affects your evasion (+2).
   HP:        It affects your health (+2).
   Fly:       It grants you flight.
   SH:        It affects your SH (+2).
 d - a +4 ring of evasion (left hand)
 o - a ring of willpower
 t - an amulet of guardian spirit (around neck)
 N - a ring of resist corrosion
 P - a ring of protection from cold
 R - a ring of protection from fire
Wands
 a - a wand of flame (5)
 w - a wand of digging (3)
 z - a wand of quicksilver (5)
 G - a wand of polymorph (8)
 L - a wand of paralysis (5)
Scrolls
 c - a scroll of enchant weapon
 p - 11 scrolls of identify
 B - 2 scrolls of noise
 D - 5 scrolls of teleportation
 M - 4 scrolls of fear
 O - a scroll of brand weapon
Potions
 g - a potion of cancellation
 h - 4 potions of flight
 i - 4 potions of lignification
 j - 9 potions of curing
 q - 2 potions of invisibility
 J - a potion of mutation
 K - a potion of ambrosia


   Skills:
 + Level 11.4 Fighting
 + Level 16.3(17.5) Axes
 + Level 11.0(14.9) Polearms
 + Level 1.5 Throwing
 + Level 13.8 Armour
 + Level 4.4 Dodging
 + Level 2.0 Stealth
 + Level 15.6 Shields
 * Level 7.9 Invocations
 + Level 1.5 Evocations


You had 13 spell levels left.
You didn't know any spells.
Your spell library contained the following spells:

 Spells                   Type           Power      Damage    Failure   Level
 Apportation              Tloc           0%         N/A       94%         1
 Freeze                   Ice            0%         1d3       94%         1
 Necrotise                Necr           0%         1d4       94%         1
 Slow                     Hex            0%         N/A       94%         1
 Summon Small Mammal      Summ           0%         N/A       94%         1
 Cigotuvi's Dreadful Rot  Necr/Pois/Air  0%         N/A       98%         2
 Ensorcelled Hibernation  Hex/Ice        0%         N/A       98%         2
 Passwall                 Tmut/Erth      0%         N/A       98%         2
 Sublimation of Blood     Necr           0%         N/A       98%         2
 Wereblood                Tmut           0%         N/A       98%         2
 Confusing Touch          Hex            0%         N/A       100%        3
 Frozen Ramparts          Ice            0%         1d1       100%        3
 Hailstorm                Conj/Ice       0%         3d3       100%        3
 Swiftness                Air            0%         N/A       100%        3
 Vampiric Draining        Necr           0%         2d6       100%        3
 Animate Armour           Summ/Erth      0%         N/A       100%        4
 Dispel Undead            Necr           0%         3d6       100%        4
 Leda's Liquefaction      Hex/Erth       0%         N/A       100%        4
 Borgnjor's Vile Clutch   Necr/Erth      0%         N/A       100%        5
 Death Channel            Necr           0%         N/A       100%        6
 Statue Form              Tmut/Erth      0%         N/A       100%        6
 Summon Hydra             Summ           0%         N/A       100%        7


Dungeon Overview and Level Annotations

Branches:
Dungeon (15/15)            Temple (0/1) D:7            Lair (0/5) D:10
    Orc (0/2) D:12         Vaults (0/5) D:14        Ossuary (visited)
 Depths: D:15

Altars:
Cheibriados
Gozag
Kikubaaqudgha
Makhleb
Nemelex Xobeh
Ru
Sif Muna
Trog
Uskayaw
Wu Jian
Xom
Zin
The Shining One

Shops:
D:9 ?   D:11 !

Annotations:
D:5 Dowan, Duvessa
D:6 3 runed translucent doors, CertainDeath's ghost, amateur MiMo
D:9 2 transporters, lunkers's ghost, novice MeEE


Innate Abilities, Weirdness & Mutations

You have a pair of horns on your head.
You reflexively headbutt those who attack you in melee.
You are mostly covered in iridescent scales. (AC +4)
You occasionally lose the ability to read scrolls when taking damage.


Message History

* * * LOW HITPOINT WARNING * * *
The skeletal warrior hits you with a +0 glaive!
* * * LOW HITPOINT WARNING * * *
You block the skeletal warrior's attack.
The skeletal warrior hits you with a +0 glaive.
* * * LOW HITPOINT WARNING * * *
You block the skeletal warrior's attack.
You completely miss the skeletal warrior.
You headbutt the skeletal warrior!!
The skeletal warrior is heavily damaged.
The skeletal warrior hits you but does no damage.
You slash the skeletal warrior!
The skeletal warrior is severely damaged.
You block the skeletal warrior's attack. x2
You slice the skeletal warrior!!
You destroy the skeletal warrior!
Cheibriados thoroughly appreciates the change of pace.
You are no longer berserk.
You are exhausted.
You feel yourself slow down.
You block the skeletal warrior's attack.
You slash the efreet!
The efreet is heavily wounded.
You block the skeletal warrior's attack.
The efreet misses you.
You block the skeletal warrior's attack.
You block the efreet's attack.
You hit the efreet.
The efreet is heavily wounded.
You block the skeletal warrior's attack.
You block the efreet's attack.
Okay, then.
You block the skeletal warrior's attack.
The efreet gestures at you. The bolt of fire misses you.
The skeletal warrior hits you with a +0 glaive.
* * * LOW HITPOINT WARNING * * *
You block the efreet's attack.
The skeletal warrior hits you with a +0 glaive!
You die...

...............
#..####.#####.#
#..# #.#
#..####.#
#.......#
##.####.#
###.#######.##
#.....).......
#####.@.......
##Rz.#####
##°..# .⌠....
.....~. .....~.
..~~~~. .~≈≈≈~~


You could see a skeletal warrior and an efreet.

Vanquished Creatures
  Jorgrun (D:13)
  Roxanne (D:14)
  2 minotaurs (D:11)
  Azrael (D:13)
  Josephine (D:11)
  A yaktaur captain (D:13)
  4 vault guards (D:14)
  Fannar (D:10)
  A hydra (D:13)
  An ogre mage (D:15)
  5 boulder beetles
  4 centaur warriors (D:13)
  A death knight (D:15)
  11 two-headed ogres
  5 death yaks
  Nergalle (D:11)
  A deep elf knight (D:14)
  7 skeletal warriors
  A deep elf archer (D:13)
  A wizard (D:14)
  An orc knight (D:14)
  2 harpies (shapeshifter) (D:13)
  3 deep elf pyromancers
  6 cyclopes
  17 ugly things
  7 manticores
  An elephant (D:10)
  Maurice (D:8)
  A gargoyle (D:13)
  An unseen horror (D:13)
  A kobold demonologist (D:11)
  2 efreet
  2 freezing wraiths
  12 yaktaurs
  A tengu conjurer (D:14)
  A komodo dragon (D:13)
  A hornet (shapeshifter) (D:13)
  4 meliai
  A hornet (D:8)
  Prince Ribbit (D:8)
  2 trolls
  A slime creature (D:13)
  A vampire (D:9)
  3 shadows
  30 yaks
  A yak (shapeshifter) (D:13)
  A human (D:14)
  7 wraiths
  A wyvern (D:10)
  A steam dragon (D:6)
  3 fire elementals (D:13)
  2 basilisks
  Grum (D:8)
  6 vampire mosquitoes
  4 acid dragons
  2 water moccasins
  3 hell hounds (D:13)
  13 orc warriors
  An ice beast (D:8)
  A black bear (D:10)
  A sky beast (D:7)
  A hornet zombie (Ossuary)
  3 ogres
  12 centaurs
  4 wolves (D:8)
  17 kobold brigands
  2 phantoms (D:6)
  A wyvern zombie (Ossuary)
  2 necrophages
  3 bullfrogs
  2 gnoll sergeants
  5 scorpions
  2 water moccasin zombies (Ossuary)
  15 wights
  14 killer bees
  3 electric eels
  6 howler monkeys
  2 centaur zombies (Ossuary)
  6 bullfrog zombies (Ossuary)
  4 hounds
  2 jellies (D:4)
  7 orc priests
  3 iron imps (D:9)
  2 iguanas
  15 mummies (Ossuary)
  17 orc wizards
  A killer bee zombie (Ossuary)
  27 gnolls
  12 adders
  3 worms
  3 dart slugs
  57 orcs
  7 ball pythons
  7 bats
  11 endoplasms
  8 giant cockroaches
  9 goblins
  3 hobgoblins
  8 jackals
  29 kobolds
  3 quokkas
  3 frilled lizards
  A goblin zombie (D:4)
  7 rats
  A rat zombie (D:4)
552 creatures vanquished.

Vanquished Creatures (others)
  A black bear (D:6)
  2 orcs (D:12)
  A fungus (D:10)
  8 withered plants (Ossuary)
12 creatures vanquished.

Grand Total: 564 creatures vanquished

Notes
Turn   | Place    | Note
-------+----------+-------------------------------------------
     0 | D:1      | purpskrrrp the Minotaur Fighter began the quest for the
                  | Orb.
     0 | D:1      | Reached XP level 1. HP: 19/19 MP: 0/0
    63 | D:1      | Reached XP level 2. HP: 27/27 MP: 1/1
   306 | D:1      | Reached XP level 3. HP: 33/33 MP: 2/2
   396 | D:1      | Found a faded altar of an unknown god.
   411 | D:1      | Prayed at the altar of an unknown god.
   411 | D:1      | Became a worshipper of Cheibriados the Contemplative
   411 | D:1      | Reached * piety under Cheibriados
   870 | D:2      | Reached ** piety under Cheibriados
   871 | D:2      | Reached XP level 4. HP: 41/41 MP: 3/3
  1162 | D:2      | Found an ornate altar of the Wu Jian Council.
  1582 | D:3      | Reached *** piety under Cheibriados
  1590 | D:3      | Reached XP level 5. HP: 44/47 MP: 4/4
  1725 | D:3      | Reached skill level 1 in Dodging
  1747 | D:3      | Found a shimmering blue altar of Sif Muna.
  1993 | D:3      | Reached skill level 5 in Armour
  2298 | D:4      | Found a hide-covered altar of Uskayaw.
  2348 | D:4      | Found a sand-covered staircase.
  2361 | Ossuary  | Entered an ossuary
  2367 | Ossuary  | Reached skill level 5 in Polearms
  2371 | Ossuary  | Reached XP level 6. HP: 53/53 MP: 5/5
  2408 | Ossuary  | Reached skill level 5 in Fighting
  2409 | Ossuary  | Reached XP level 7. HP: 11/61 MP: 2/6
  2409 | Ossuary  | Reached **** piety under Cheibriados
  2430 | Ossuary  | Reached skill level 5 in Shields
  2863 | Ossuary  | Reached XP level 8. HP: 68/68 MP: 7/7
  3061 | D:4      | Found a bloodstained altar of Trog.
  3215 | D:4      | Found a sacrificial altar of Ru.
  3824 | D:4      | Identified the +0 chain mail "Loestane" {Regen+}
  4039 | D:5      | Entered Level 5 of the Dungeon
  4109 | D:5      | Reached ***** piety under Cheibriados
  4110 | D:5      | Reached skill level 10 in Polearms
  4507 | D:5      | Reached XP level 9. HP: 75/75 MP: 8/8
  4515 | D:5      | Found a glowing golden altar of the Shining One.
  4888 | D:6      | Noticed Duvessa
  4889 | D:6      | Noticed Dowan
  5369 | D:6      | Found a runed translucent gate.
  5369 | D:6      | Found a runed translucent gate.
  5369 | D:6      | Found a runed translucent gate.
  5372 | D:6      | Noticed CertainDeath's ghost (amateur MiMo)
  5373 | D:6      | Identified the +1 chain mail of Wasted Space {Str+4}
  5844 | D:7      | Reached skill level 1 in Axes
  5972 | D:7      | Reached skill level 2 in Axes
  5981 | D:7      | Reached skill level 3 in Axes
  6001 | D:7      | Found a staircase to the Ecumenical Temple.
  6052 | D:7      | Reached skill level 4 in Axes
  6143 | D:7      | Reached skill level 5 in Axes
  6143 | D:7      | Reached XP level 10. HP: 86/86 MP: 9/9
  6217 | D:7      | Found a glowing silver altar of Zin.
  6568 | D:8      | Noticed Grum
  6584 | D:8      | Killed Grum
  6602 | D:8      | Noticed Maurice
  6609 | D:8      | Killed Maurice
  6609 | D:8      | Reached ****** piety under Cheibriados
  6610 | D:8      | Reached skill level 6 in Axes
  6733 | D:8      | Reached skill level 7 in Axes
  6878 | D:8      | Noticed Prince Ribbit
  6880 | D:8      | Killed Prince Ribbit
  6881 | D:8      | Reached skill level 8 in Axes
  6881 | D:8      | Reached skill level 1 in Stealth
  6945 | D:8      | Found an ancient bone altar of Kikubaaqudgha.
  6963 | D:8      | Found an ornate altar of the Wu Jian Council.
  6997 | D:8      | Found a sparkling altar of Nemelex Xobeh.
  7003 | D:8      | You fall into a shaft and drop 2 floors!
  7003 | D:10     | Entered Level 10 of the Dungeon
  7015 | D:10     | Noticed a two-headed ogre
  7021 | D:10     | Killed a two-headed ogre
  7064 | D:10     | Noticed an elephant
  7065 | D:10     | Found a staircase to the Lair.
  7066 | D:10     | Noticed a death yak
  7070 | D:10     | Killed an elephant
  7071 | D:10     | Reached XP level 11. HP: 82/94 MP: 7/10
  7073 | D:10     | Killed a death yak
  7074 | D:10     | Reached skill level 9 in Axes
  7074 | D:10     | Reached skill level 10 in Armour
  7091 | D:10     | Noticed a two-headed ogre
  7107 | D:10     | Killed a two-headed ogre
  7167 | D:10     | Noticed Fannar
  7179 | D:10     | Killed Fannar
  7180 | D:10     | Reached skill level 10 in Axes
  7262 | D:10     | Found an opulent altar of Gozag.
  7590 | D:10     | Reached skill level 10 in Shields
  8406 | D:11     | Reached skill level 11 in Axes
  8442 | D:11     | Found Mayniaso's Distillery.
  8532 | D:11     | Noticed a cyan ugly thing
  8539 | D:11     | Killed a cyan ugly thing
  8545 | D:11     | Reached XP level 12. HP: 54/103 MP: 5/11
  8550 | D:11     | Reached skill level 12 in Axes
  8670 | D:11     | Noticed Josephine
  8676 | D:11     | Killed Josephine
  8922 | D:11     | Reached skill level 13 in Axes
  9083 | D:9      | Found a transporter.
  9084 | D:9      | Noticed a two-headed ogre
  9109 | D:9      | Noticed lunkers's ghost (novice MeEE)
  9123 | D:9      | Found a bloodstained altar of Trog.
  9123 | D:9      | Noticed a tengu warrior
  9125 | D:9      | Found Isoecid's Magic Scroll Emporium.
  9133 | D:9      | Bought a scroll of enchant weapon for 120 gold pieces
  9158 | D:9      | Reached skill level 1 in Invocations
  9232 | D:9      | Found a burning altar of Makhleb.
  9494 | D:9      | Found a transporter.
  9836 | D:8      | Found a shimmering altar of Xom.
  9892 | D:8      | You fall into a shaft and drop 3 floors!
  9935 | D:11     | Noticed a two-headed ogre
  9939 | D:11     | Killed a two-headed ogre
  9941 | D:11     | Noticed Nergalle
  9947 | D:11     | Killed Nergalle
  9956 | D:11     | Noticed a death yak
  9956 | D:11     | Noticed a death yak
  9963 | D:11     | Killed a death yak
  9969 | D:11     | Gained mutation: You are clumsy. (Dex -2) [potion of
                  | mutation]
  9969 | D:11     | Gained mutation: You are strong-willed. (Will+) [potion of
                  | mutation]
  9970 | D:11     | Lost mutation: You are strong-willed. (Will+) [potion of
                  | mutation]
  9970 | D:11     | Lost mutation: You are clumsy. (Dex -2) [potion of
                  | mutation]
  9970 | D:11     | Gained mutation: Your spells are a little easier to cast,
                  | but a little less powerful. [potion of mutation]
  9970 | D:11     | Gained mutation: You are partially covered in iridescent
                  | scales. (AC +2) [potion of mutation]
  9985 | D:11     | Noticed a death yak
  9985 | D:11     | Noticed a minotaur
  9985 | D:11     | Noticed a death yak
 10007 | D:11     | Killed a minotaur
 10037 | D:11     | Noticed a minotaur
 10165 | D:11     | Killed a death yak
 10176 | D:11     | Killed a death yak
 10272 | D:11     | Killed a minotaur
 10273 | D:11     | Reached XP level 13. HP: 57/112 MP: 7/14
 10725 | D:12     | Reached skill level 14 in Axes
 10815 | D:12     | Reached skill level 10 in Fighting
 11701 | D:12     | Found a staircase to the Orcish Mines.
 11875 | D:13     | Noticed Azrael
 11892 | D:13     | Killed Azrael
 11893 | D:13     | Reached skill level 5 in Invocations
 12415 | D:13     | Noticed Jorgrun
 12420 | D:13     | Killed Jorgrun
 12421 | D:13     | Reached skill level 1 in Evocations
 12626 | D:13     | Noticed a fire dragon
 12822 | D:13     | Found the ring of the Octopus King
 12829 | D:13     | Identified a ring of the Octopus King {Fly HP+2 AC+2 EV+2
                  | SH+2}
 12876 | D:13     | Reached skill level 15 in Axes
 13150 | D:13     | Reached XP level 14. HP: 122/122 MP: 15/17
 13832 | D:13     | Lost mutation: Your spells are a little easier to cast, but
                  | a little less powerful. [potion of mutation]
 13832 | D:13     | Lost mutation: You are partially covered in iridescent
                  | scales. (AC +2) [potion of mutation]
 13832 | D:13     | Gained mutation: You are frail. (-10% HP) [potion of
                  | mutation]
 13832 | D:13     | Gained mutation: Your muscles are strong. (Str +4, Int/Dex
                  | -1) [potion of mutation]
 13833 | D:13     | Lost mutation: You are frail. (-10% HP) [potion of
                  | mutation]
 13833 | D:13     | Lost mutation: Your muscles are strong. (Str +4, Int/Dex
                  | -1) [potion of mutation]
 13833 | D:13     | Gained mutation: You occasionally lose the ability to read
                  | scrolls when taking damage. [potion of mutation]
 13833 | D:13     | Gained mutation: You are partially covered in iridescent
                  | scales. (AC +2) [potion of mutation]
 13833 | D:13     | Gained mutation: You are mostly covered in iridescent
                  | scales. (AC +4) [potion of mutation]
 13965 | D:14     | Identified Roxanne's Encyclopedia of Grit
 13965 | D:14     | Noticed Roxanne
 13985 | D:14     | Killed Roxanne
 14282 | D:14     | Identified the +2 robe of the Demon Prince {rF+ Slay+4}
 14302 | D:14     | Reached skill level 1 in Throwing
 14679 | D:14     | Found a gate to the Vaults.
 14708 | D:14     | Reached skill level 15 in Shields
 15179 | D:15     | Entered Level 15 of the Dungeon
 15193 | D:15     | Reached skill level 16 in Axes
 15451 | D:15     | Slain by a skeletal warrior

Illustrated notes

Levels and vault maps discovered:
D:1:      saegor_arrival_simple_d, layout_rooms,
          hellmonk_ecumenical_altar_zigzags
D:2:      layout_loops_ring, basic_altar, minmay_tromino_mix6
D:3:      layout_rooms, mainiacjoe_overflow_six_doors_small,
          grunt_decor_junction, grunt_ministairs_8
D:4:      minmay_clustersquares, layout_basic, nicolae_ru_awakened_eye,
          nicolae_uskayaw_suspiria, marbit_many_paths, enter_ossuary_4,
          hangedman_abyss_or_decor_passed
D:5:      layout_loops_corners, tso_altar
D:6:      layout_cave_pods, biasface_ghost_orc_armoury, minmay_misc_feat_chi,
          uniq_duvessa
D:7:      layout_basic, zin_treasury, minmay_temple_entry_overgrown
D:8:      layout_rooms, mainiacjoe_overflow_tiny_flanked, tgw_xom,
          mainiacjoe_overflow_swirl, uniq_grum, uniq_prince_ribbit1,
          uniq_maurice
D:9:      layout_rooms, demons_altar, gammafunk_ghost_wrathful_warriors,
          serial_shops, shop
D:10:     layout_gridville, grunt_gozag_statues, david_lair_generic, uniq_fannar
D:11:     fort_yaktaur, layout_small_grid, special_room [special_room_kobold],
          serial_shops, nicolae_shop_statue_plus, uniq_josephine, uniq_nergalle
D:12:     layout_loops_corners, erik_orc_2
D:13:     evilmike_diamond_2, layout_irregular_city, uniq_jorgrun, uniq_azrael
D:14:     layout_loops_corners, grunt_vaults_entry_fortified,
          chequers_serial_rivers_micro_e, uniq_roxanne
D:15:     grunt_enter_depths_snipers, layout_basic, kiku_gazebo_pond_becter

Skill      XL: |  1  2  3  4  5  6  7  8  9 10 11 12 13 14 |
---------------+-------------------------------------------+-----
Fighting       | 4 5 6 7 8 9 10 11 | 11.4
Shields        | 4 5 6 8 9 10 12 13 15 | 15.6
Armour         | 4 5 6 7 8 9 11 12 13 | 13.8
Polearms       | 3 4 5 8 10 11 | 11.0
Dodging        | 1 2 3 4 |  4.4
Axes           | 5 8 11 13 15 16 | 16.3
Stealth        | 1 2 |  2.0
Invocations    | 3 6 7 |  7.9
Evocations     | 1 |  1.5
Throwing       | 1 |  1.5

Action                   |  1- 3 |  4- 6 |  7- 9 | 10-12 | 13-15 || total
-------------------------+-------+-------+-------+-------+-------++-------
Melee: Trident           |    82 |   153 |   183 |       |       ||   418
       Headbutt          |     8 |    25 |    47 |    79 |   126 ||   285
       War axe           |       |       |    96 |   348 |   410 ||   854
Throw: Dart              |       |       |       |       |    12 ||    12
Invok: Temporal Distorti |       |     1 |       |       |       ||     1
       Bend Time         |       |       |       |     1 |       ||     1
       Slouch            |       |       |       |       |     1 ||     1
       Step From Time    |       |       |       |       |     1 ||     1
Evoke: Wand              |       |       |       |       |    13 ||    13
  Use: Scroll            |       |     9 |     8 |    15 |     4 ||    36
       Potion            |       |     1 |     3 |     5 |     3 ||    12
Armor: Scale mail        |    40 |    25 |       |       |       ||    65
       Chain mail        |       |    35 |    70 |    75 |    33 ||   213
       Plate armour      |       |       |       |       |    75 ||    75
Dodge: Dodged            |    26 |    49 |    80 |   145 |   165 ||   465
Block: Buckler           |     9 |    20 |       |       |       ||    29
       Kite shield       |       |    31 |   164 |   354 |   127 ||   676
       Tower shield      |       |       |       |       |   333 ||   333

Table legend: (Time is in decaauts)
 A = Elapsed time spent in this place.
 B = Non-inter-level travel time spent in this place.
 C = Inter-level travel time spent in this place.
 D = Time resting spent in this place.
 E = Time spent auto-exploring this place.
 F = Levels seen in this place.
 G = Mean time per level.
                   A        B        C        D        E       F      G
               +--------+--------+--------+--------+--------+-----+--------+
         Total |  24577 |  22647 |   1930 |   1436 |  16702 |  16 | 1536.1 |
       Dungeon |  23779 |  21849 |   1930 |   1281 |  16324 |  15 | 1585.3 |
       Ossuary |    797 |    797 |      0 |    155 |    378 |   1 |  797.0 |
               +--------+--------+--------+--------+--------+-----+--------+

Top non-repeatable levels by time:
    D:11: 2948 daAuts
    D:13: 2592 daAuts
    D:12: 2411 daAuts
    D:14: 2086 daAuts
     D:4: 1924 daAuts
    D:10: 1866 daAuts
     D:5: 1704 daAuts
     D:6: 1486 daAuts
     D:7: 1327 daAuts
     D:2: 1161 daAuts
     D:8: 1122 daAuts
     D:9: 1103 daAuts
     D:3: 1089 daAuts
 Ossuary: 797 daAuts
     D:1: 598 daAuts
